Cogmind - Beta 15 @@@ ROGUE MODE // 2025.08.10 @ 18:27:19 Player: Skysub Result: Destroyed by Autobeam Turret with Autobeam Performance ------------- Evolutions (0) 0 Regions Visited (3) 600 Robots Destroyed (28) 140 Value Destroyed (701) 701 Prototype IDs (11) 220 Alien Tech Used (0) 0 Bonus (0) 0 TOTAL SCORE: 1661 Bonus ------- None Cogmind --------- Core Integrity 0/250 Matter 176/300 Energy 56/100 System Corruption 0% Temperature Cool (12) Movement Treading (250) Ox1 Location -10/Subcaves Parts ------- > --- POWER (1) -------- (None) > --- PROPULSION (2) --- Light Treads Spiked Treads > --- UTILITY (2) ------ High-capacity Storage Unit Subdweller Optics > --- WEAPON (2) ------- Grenade Launcher Grenade Launcher > --- INVENTORY (20) --- Subdweller Monowheel Subdweller Monowheel Makeshift Flight Unit Small Storage Unit Large Storage Unit Subdweller Optics Experimental Sensor Array ECM Suite Makeshift Hacking Suite Decoy Drone Bay Rainbow Chip Riot Gun Subdweller Laser Subdweller Laser Light Assault Rifle Subdweller Machine Gun Heavy Battle Rifle Grenade Launcher Peak State ------------ > --- POWER ------------ Subdweller Power Source > --- PROPULSION ------- Spiked Treads Subdweller Monowheel > --- UTILITY ---------- High-capacity Storage Unit Subdweller Optics > --- WEAPON ----------- Subdweller Laser Heavy Battle Rifle > --- INVENTORY -------- Light Treads Subdweller Monowheel Makeshift Flight Unit Small Storage Unit Large Storage Unit Subdweller Optics Experimental Sensor Array ECM Suite Makeshift Hacking Suite Decoy Drone Bay Rainbow Chip Riot Gun Subdweller Laser Light Assault Rifle Subdweller Machine Gun Grenade Launcher Grenade Launcher Grenade Launcher [Rating: 21] Favorites ----------- Power Ion Engine Engine Ion Engine Propulsion Light Treads Treads Light Treads Wheel Compact Wheel Utility High-capacity Storage Unit Device Seismic Detector Storage High-capacity Storage Unit Weapon Light Assault Rifle Energy Gun Subdweller Laser Ballistic Gun Light Assault Rifle Launcher Grenade Launcher Build | -11 -10 -10 -10 ------- Run | Yrd Mat Min Sub Slots Evolved . | . . . . Power . | . . . . Propulsion . | . . . . Utility . | . . . . Weapon . | . . . . Parts Attached 26 | 7 3 1 15 Power 3 | 1 . . 2 Engine 3 | 1 . . 2 Core . | . . . . Reactor . | . . . . Propulsion 8 | 2 1 . 5 Treads 4 | 2 . . 2 Leg . | . . . . Wheel 4 | . 1 . 3 Hover . | . . . . Flight . | . . . . Utility 5 | 2 2 . 1 Device 2 | 1 . . 1 Storage 3 | 1 2 . . Processor . | . . . . Hackware . | . . . . Protection . | . . . . Artifact . | . . . . Weapon 10 | 2 . 1 7 Energy Gun 2 | . . . 2 Energy Cannon . | . . . . Ballistic Gun 5 | 2 . . 3 Ballistic Cannon . | . . . . Launcher 3 | . . 1 2 Special Weapon . | . . . . Impact Weapon . | . . . . Slashing Weapon . | . . . . Piercing Weapon . | . . . . Special Melee Weapon . | . . . . Unidentified Prototypes . | . . . . Parts Lost 8 | . . . 8 Power 1 | . . . 1 Propulsion 3 | . . . 3 Utility 1 | . . . 1 Weapon 3 | . . . 3 Highest Loss Streak 3 | . . . 3 To Critical Strikes . | . . . . Average Backups 14 | 2 8 12 18 Power 1 | . 1 1 1 Propulsion 3 | 1 2 3 3 Utility 5 | . 1 3 7 Weapon 5 | . 3 4 6 Tool/Special . | . . . . Unused Backups 13 | . . . 13 Power 1 | . . . 1 Propulsion 1 | . . . 1 Utility 7 | . . . 7 Weapon 4 | . . . 4 Tool/Special . | . . . . Average Slot Usage (%) 98 | . 100 100 97 Engine 14 | . 14 14 14 Treads 15 | . 21 14 13 Wheel 12 | . 6 14 13 Device 12 | . 14 14 12 Storage 14 | . 14 14 14 Energy Gun 2 | . . . 4 Ballistic Gun 23 | . 28 27 21 Launcher 1 | . . . 1 Peak Build Rating 21 | 7 8 11 21 Average Rating 12 | 5 7 8 15 On Entrance 6 | . 7 8 11 Naked Turns . | . . . . Heaviest Build 54 | 14 49 49 54 Greatest Support 40 | 40 40 16 40 Greatest Overweight (x) 17 | 1 3 3 17 Average Overweight (x) 2 | . . 3 3 Largest Inventory Capacity 20 | 8 20 20 20 Average Capacity 19 | 7 16 20 20 Most Carried 20 | 5 11 17 20 Average Carried 15 | 3 8 12 19 Final Capacity 20 | 8 20 20 20 Final Carried 19 | 5 11 17 19 Class Distribution -------------------- 99% | Mutant Dominant Class ---------------- Mutant | -10/Materials Mutant | -10/Mines Mutant | -10/Subcaves Resources | -11 -10 -10 -10 ----------- Run | Yrd Mat Min Sub Matter Collected 976 | 277 145 34 520 Remotely . | . . . . Salvage Created 1020 | 94 386 36 504 Parts 75 | 5 36 10 24 Haulers Intercepted 1 | . 1 . . Recyclers Shooed 1 | . 1 . . Parts Field Recycled . | . . . . Retrieved Matter . | . . . . Parts Self-Destructed 21 | . . . 21 Prevented . | . . . . Kills | -11 -10 -10 -10 ------- Run | Yrd Mat Min Sub Combat Hostiles Destroyed 21 | . 6 5 10 Guns 19 | . 6 3 10 AOE 2 | . . 2 . Classes Destroyed 8 | 2 4 . 2 Tunneler 2 | 1 1 . . Hauler 1 | . 1 . . Recycler 2 | 1 1 . . Watcher 2 | . 2 . . Swarmer 7 | . 2 5 . Grunt 5 | . 4 . 1 Sentry 1 | . . . 1 Subdweller 8 | . . . 8 Best Kill Streak 4 | 2 4 3 2 Combat Bots Only 4 | . 4 3 2 Max Kills in Single Turn 2 | 1 1 2 1 Gunslinging . | . . . . Exploded 2 | . . 2 . Melee . | . . . . Uniques/NPCs Destroyed . | . . . . Combat | -11 -10 -10 -10 -------- Run | Yrd Mat Min Sub Hostile Shots Fired 139 | . 36 19 84 Missed 38 | . 6 4 28 Hits 101 | . 30 15 56 Projectile 101 | . 30 15 56 Damage Taken 1490 | . 342 122 1026 Core 255 | . 39 25 191 Absorbed by Shields . | . . . . Core Remaining (%) 100 | 100 . . . Volleys Fired 159 | 3 32 11 113 Largest 2 | 2 2 2 2 Hottest 93 | 40 40 40 93 Shots Fired 249 | 6 64 20 159 Gun 237 | 6 64 18 149 Cannon . | . . . . Launcher 12 | . . 2 10 Special . | . . . . Kinetic 221 | 6 64 18 133 Thermal 16 | . . . 16 Explosive 12 | . . 2 10 Electromagnetic . | . . . . Robot Hit Streak 26 | 4 7 3 26 Robot Miss Streak 4 | . 3 3 4 Penetration Max . | . . . . Secondary Targets 3 | . 2 . 1 Max Gunslinging Chain 1 | . 1 . 1 Shots Hit Robots 123 | 4 34 9 76 Core Hits 55 | 3 20 5 27 Critical Kills . | . . . . Critical Parts Destroyed 2 | 1 . . 1 Critical Strikes 3 | 1 . . 2 Destroy 3 | 1 . . 2 Melee Attacks . | . . . . Impact . | . . . . Slashing . | . . . . Piercing . | . . . . Sneak Attacks . | . . . . Combat Hostiles . | . . . . Follow-up Attacks . | . . . . Damage Inflicted 1964 | 59 383 249 1273 Guns 1682 | 54 371 72 1185 Cannons . | . . . . Explosions 265 | . . 177 88 Melee . | . . . . Ramming 17 | 5 12 . . Kinetic 1565 | 54 371 72 1068 Thermal 117 | . . . 117 Explosive 265 | . . 177 88 Electromagnetic . | . . . . Impact . | . . . . Slashing . | . . . . Piercing . | . . . . Highest Corruption . | . . . . Average Corruption . | . . . . Corruption Purged . | . . . . Corruption Blocked . | . . . . Overload Shots . | . . . . Overflow Damage 6 | . . 6 . Projectiles . | . . . . Explosions 6 | . . 6 . Melee . | . . . . Knockbacks . | . . . . Impact . | . . . . Kinetic . | . . . . Secondary . | . . . . Self-Inflicted Damage 24 | . . . 24 Shots 2 | . . . 2 Rammed 5 | 2 3 . . Targets Rammed 5 | 2 3 . . Kicked . | . . . . Crushed . | . . . . Highest Temperature 45 | . 45 . 4 Average Temperature 21 | . 23 . 2 Received Heat Transfer 402 | . 153 . 249 Siege Activations . | . . . . Martial Activations . | . . . . Shielding Activations . | . . . . Robots Disrupted . | . . . . Combat Hostiles . | . . . . Robots Corrupted . | . . . . Combat Hostiles . | . . . . Parts Fried . | . . . . Impact Corruptions . | . . . . Robots Melted . | . . . . Combat Hostiles . | . . . . Parts Melted 1 | . . . 1 Heat Transferred 211 | . . . 211 Parts Sabotaged . | . . . . Parts Stolen . | . . . . Parts Stripped . | . . . . Power Chain Reactions . | . . . . Alert | -11 -10 -10 -10 ------- Run | Yrd Mat Min Sub Maximum Alert Level . | . . . . Low Security (%) 100 | 100 100 100 . Level 1 . | . . . . Level 2 . | . . . . Level 3 . | . . . . Level 4 . | . . . . Level 5 . | . . . . High Security . | . . . . Max Security . | . . . . Peak Influence 110 | 10 110 87 . Initial . | . . . . Average 16 | 1 19 14 . Influence Increases 629 | 10 257 117 245 Destroy 0b10 Robot/C 260 | . 120 100 40 Destroy 0b10 Robot/NC 35 | 10 25 . . Destroy Leader 46 | . 26 10 10 Successful Hack 26 | . 26 . . Select Force Hacks 30 | . 30 . . Disable Machine 15 | . 15 . . Destroy Structure 7 | . . 7 . Lose Combat Pursuer 210 | . 15 . 195 Influence Decreases 507 | 10 257 117 123 Time Decay 471 | 10 257 117 87 Lost Part 36 | . . . 36 Squads Dispatched 2 | . 2 . . Investigation 2 | . 2 . . Extermination . | . . . . Reinforcement . | . . . . Assault . | . . . . Garrison . | . . . . Intercept . | . . . . Searches Triggered . | . . . . Construction Impeded . | . . . . Haulers Reinforced . | . . . . Active Scanning Responses . | . . . . Cargo Convoy Interrupts . | . . . . Stealth | -11 -10 -10 -10 --------- Run | Yrd Mat Min Sub Distress Signals 1 | . 1 . . Communications Jammed . | . . . . Distress Signals . | . . . . Times Spotted 37 | . 13 6 18 Peak Tracking Total 4 | . 4 3 2 Tactical Retreats 8 | . 1 . 7 Traps | -11 -10 -10 -10 ------- Run | Yrd Mat Min Sub Traps Triggered 3 | . 2 . 1 Indirectly . | . . . . Trap Hack Attempts . | . . . . Triggered . | . . . . Disarmed . | . . . . Reprogrammed . | . . . . Reused . | . . . . Traps Extracted . | . . . . Installed . | . . . . Triggered . | . . . . Machines | -11 -10 -10 -10 ---------- Run | Yrd Mat Min Sub Machines Disabled 4 | . 1 . 3 Max in Single Turn 2 | . 1 . 2 Machines Repaired . | . . . . Machines Dismantled . | . . . . Machines Sabotaged . | . . . . Overloaded Fab Kills . | . . . . Hacking | -11 -10 -10 -10 --------- Run | Yrd Mat Min Sub Machines Accessed 8 | . 6 1 1 Terminals 5 | . 5 . . Fabricators . | . . . . Repair Stations . | . . . . Recycling Units 1 | . 1 . . Scanalyzers . | . . . . Garrison Access . | . . . . Total Hacks 19 | . 17 1 1 Successful 16 | . 14 1 1 Failed 3 | . 3 . . Catastrophic . | . . . . Database Lockouts . | . . . . Manual 14 | . 14 . . Terminals 15 | . 15 . . Fabricators . | . . . . Repair Stations . | . . . . Recycling Units 2 | . 2 . . Scanalyzers . | . . . . Garrison Access . | . . . . Terminal Hacks 6 | . 4 1 1 Open Door 1 | . . 1 . Terminal Index 2 | . 2 . . Locate Traps 1 | . 1 . . Registered Components 1 | . 1 . . Proto ID Catalog 1 | . . . 1 Fabricator Hacks . | . . . . Repair Station Hacks . | . . . . Recycling Unit Hacks 1 | . 1 . . Report Inventory 1 | . 1 . . Scanalyzer . | . . . . Garrison Access Hacks . | . . . . Unauthorized Hacks 9 | . 9 . . Terminals 8 | . 8 . . Botnet 3 | . 3 . . Skim 5 | . 5 . . Fabricators . | . . . . Repair Stations . | . . . . Recycling Units 1 | . 1 . . Tunnel 1 | . 1 . . Scanalyzers . | . . . . Garrison Access . | . . . . Data Cores Recovered . | . . . . Used . | . . . . Hacking Detections 5 | . 5 . . Full Trace Events . | . . . . Feedback Events . | . . . . Feedback Blocked . | . . . . Robot Schematics Acquired . | . . . . Robots Built . | . . . . Authchips . | . . . . Time . | . . . . Total Robot Build Rating . | . . . . Part Schematics Acquired . | . . . . Parts Built . | . . . . Authchips . | . . . . Time . | . . . . Total Part Build Rating . | . . . . Parts Repaired . | . . . . Time . | . . . . Parts Recycled . | . . . . Recycled Matter . | . . . . Retrieved Matter . | . . . . Retrieved Components . | . . . . Parts Scanalyzed . | . . . . Part Schematics Acquired . | . . . . Parts Damaged . | . . . . Bothacking | -11 -10 -10 -10 ------------ Run | Yrd Mat Min Sub Used RIF Installer . | . . . . Robots Hacked . | . . . . Non-combat . | . . . . Combat . | . . . . Robot Hacks Applied . | . . . . Relay Couplers Released . | . . . . Fabnet Peak Effective % . | . . . . Robots Rewired . | . . . . Allies Hacked . | . . . . Hacks Repelled . | . . . . Allies | -11 -10 -10 -10 -------- Run | Yrd Mat Min Sub Total Allies . | . . . . Largest Group . | . . . . Highest-Rated Group . | . . . . Highest-Rated Ally . | . . . . Total Orders . | . . . . Ally Attacks . | . . . . Total Damage . | . . . . Kills . | . . . . Allies Corrupted . | . . . . Allies Melted . | . . . . Intel | -11 -10 -10 -10 ------- Run | Yrd Mat Min Sub Active Infowar (turns) 4602 | 23 1109 718 2752 Optics 312 | . . . 312 Seismic 4290 | 23 1109 718 2440 Robot Analysis Total . | . . . . Derelict Logs Recovered 3 | . . 1 2 Drone Launches . | . . . . Drone Recoveries . | . . . . Exploration | -11 -10 -10 -10 ------------- Run | Yrd Mat Min Sub Turns Passed 5053 | 106 1109 718 3120 Spaces Moved 2694 | 53 466 464 1711 Core 7 | 6 . . 1 Treads 368 | 47 316 . 5 Legs . | . . . . Wheels 2319 | . 150 464 1705 Hover . | . . . . Flight . | . . . . Fastest Speed 50 | 50 145 145 130 Average Speed 146 | 151 155 145 144 Slowest Speed 900 | 160 240 145 900 Overloaded Moves . | . . . . Propulsion Burnouts . | . . . . Robots Hopped . | . . . . Potential Cave-ins . | . . . . Cave-ins Triggered . | . . . . Exploration Rate (%) 59 | 5 77 90 64 Regions Visited 3 Branch Regions 2 Pre-discovered Areas 4 | . 3 . 1 Known Exits Taken 1 | . . 1 . Unknown Exits Taken 2 | 1 1 . . Scrap Searched 3 | . . . 3 Spaces Dug 24 | . . . 24 Terrain Destroyed 60 | . . 7 53 Melee . | . . . . Projectile 1 | . . . 1 AOE 59 | . . 7 52 Terrain Rammed . | . . . . Walls Destroyed . | . . . . Machines Disabled . | . . . . Actions | -11 -10 -10 -10 --------- Run | Yrd Mat Min Sub Total 3556 | 69 787 490 2210 Wait 568 | . 279 9 280 Move 2692 | 53 465 463 1711 Hop . | . . . . Pick Up 28 | 5 4 5 14 Fast Attach 8 | 7 1 . . Attach 7 | . . . 7 Detach . | . . . . Swap 18 | . 3 2 13 Drop 8 | . . . 8 Fire 159 | 3 32 11 113 Melee . | . . . . Ram 1 | . 1 . . Kick . | . . . . Crush 3 | 1 2 . . Escape Stasis . | . . . . Rewire 64 | . . . 64 Trap . | . . . . Miscellaneous . | . . . . Route ------- -11/Scrapyard -10/Materials (discovered 6 exits: *Mat x3 / *Min x2 / Sub) -10/Mines (discovered 3 exits: *Mat x2 / *Sub) -10/Subcaves (discovered 3 exits: *Mat x2 / *Rec) History --------- Turn | Location | Event 21 | -11/Scrapyard | Discovered new exit (range 16) 107 | -11/Scrapyard | Entered Materials 317 | -10/Materials | Build established: Mutant 357 | -10/Materials | Discovered new exit (range 7) 406 | -10/Materials | Discovered new exit (range 10) 677 | -10/Materials | Discovered new exit (range 7) 864 | -10/Materials | Discovered new exit (range 12) 911 | -10/Materials | Discovered new exit (range 8) 963 | -10/Materials | Learned Storage emergency access door positions 1060 | -10/Materials | Learned Storage emergency access door positions 1094 | -10/Materials | Learned location of 1 exit from Storage 1120 | -10/Materials | Learned location of 2 exits from Subcaves 1160 | -10/Materials | Learned location of Mines (-10) 1197 | -10/Materials | Identified exit to Subcaves 1197 | -10/Materials | Learned location of 2 exits from Materials 1216 | -10/Materials | Entered Mines 1217 | -10/Mines | Identified exit to Materials 1375 | -10/Mines | Found a hidden stash of uninstalled traps 1492 | -10/Mines | Found a damaged Exp. Sensor Array with a note attached 1495 | -10/Mines | Found Prototype Device 1713 | -10/Mines | Deemed a non-threat by the Exiles lab entrance 1787 | -10/Mines | A weapon hastily lodged in a ceiling crevice suddenly fell to the ground 1814 | -10/Mines | Found the Drone Emporium 1819 | -10/Mines | Found Prototype Device 1856 | -10/Mines | YI-UF0 nonchalantly dropped a Grenade Launcher on the ground 1934 | -10/Mines | Entered Subcaves 1935 | -10/Subcaves | Identified exit to Materials 1936 | -10/Subcaves | Identified exit to Recycling 2031 | -10/Subcaves | Shifting Twisted Machinery released Flamer 2048 | -10/Subcaves | Shifting Twisted Machinery released Piercing Trap 3426 | -10/Subcaves | Core integrity fell below 50% 3639 | -10/Subcaves | Learned 2 Materials zone layouts 3717 | -10/Subcaves | Lost 3 parts (1n2w) 4276 | -10/Subcaves | Visited 4L-MR0's lab 4301 | -10/Subcaves | Found Prototype Processor 4305 | -10/Subcaves | Identified Rainbow Chip 4342 | -10/Subcaves | A swath of the cavern ceiling suddenly collapsed 4370 | -10/Subcaves | Core integrity fell below 20% 5033 | -10/Subcaves | Ambushed by Subdweller buried in earth 5054 | -10/Subcaves | Destroyed by Autobeam Turret with Autobeam Last Messages --------------- 04836_ Acquired 5 matter. 04849_ Acquired 7 matter. 04856_ Acquired 9 matter. 04860_ Acquired 12 matter. 04861_ Acquired 8 matter. 04890_ The unstable cave ceiling collapses. 04911_ Acquired 15 matter. 04916_ Acquired 7 matter. 04920_ Acquired 13 matter. 04921_ Acquired 10 matter. 04998_ Acquired 11 matter. 04999_ Acquired 55 matter. 05001_ Acquired 11 matter. 05016_ The unstable cave ceiling collapses. 05021_ Sub. Monowheel shoots sparks and powers down. 05033_ Machine disabled. 05034_ U0-SIE(R): "ARGHSUB!" 05037_ U0-SIE(R) affixes Scrap Shield Fragment to Scrap Shield. 05037_ U0-SIE(R) destroyed. 05052_ Broken Sub. Power Source destroyed. Map ----- +----------------------------------------------------+ | ???????# ##???????????????????????????? | | ???????# #????????????????????????????? | | ???????## #????????????????????????????? | | ????????# ####?????????????????????????? | | ????????## #?????????????????????????? | | ?????????# ## #????????????????????????? | | ?????????# #??## #????????????????????????? | | ?????????# ##???? #???????????????????????? | | ?????????## ###?????#???????????????????????? | | ?????????## ##????????????????????????????? | | ?????????# ##???????????????????????????? | | ????????## ##????#####?????????????????? | | ????????# #### ##???# # ##?######?????????# | | ????????# ##??# #??## # ### ###???????# | | ????????# ##???# #?## ######??? | | ????????## ##????## ### # #### | | ?????????##???????# # ## | | ?????????????????## # # | | ??????????????#### | # ## | | ??????????????# #### | | ??????????????# % #?# | | ??????????????# ## "" ##### | | ??????????????###?## "" #??## # | | ???????????????????## """###???##### ### | | ????????????????????## ###???????# #####?? | | ?????????????????????# @ ### ######### ####### | | ????????????????? ### # ## # | | ???????????????? ! % #% & # | | ???????????> & & # | | ??????????##""t # #;## ## | | ???????????#" ############## #? | | ???????????#" ###?????????????## % ## | | ???????????#"" ##?????????????????### | | ???????????### # ##?????????????????????# | | ?????????????##?##???????????????????????# & | | ????????????????????????????????????????## | | ????????????????????????????????????????# ## | | ???????????????????????????????????????## ### | | ???????????????????????????????????????# # #" | | ???????????????????????????????????????# " | | ???????????????????????????????????????## " | | ????????????????????????????????????????### " ## | | ??????????????????????????????????????????######## | | ?????????????????????????????????????????????????# | | ???????????????????????????????????????????##????# | | ???????????????????????????????????????????? "???# | | ???????????????????????????????????????????? #??? | | ????????????????????????????????????????????? "#?? | | ?????????????????????????????????????????????# "## | | ?????????????????????????????????????????????# """ | +----------------------------------------------------+ Best States ------------- Heat Dissipation 25 Energy Generation 15 Energy Capacity 250 Matter Stores 300 Matter Capacity 300 Sight Range 21 Terrain Scan Density 10 Evasion (%) 40 Recoil Reduction 2 Item Schematics ----------------- None Robot Schematics ------------------ None Fabricated ------------ Nothing Repaired ---------- Nothing Alien Tech Used ----------------- None Achievements -------------- None Challenges ------------ None Game ------ Seed MediumSpacefoldChronowheel Manual? 0 Play Time 00:19:14 Cumulative 248.4 hours Start 2025.08.10 @ 18:07:58 End 2025.08.10 @ 18:27:19 Sessions 1 Manual Loads 0 Difficulty Rogue Special Mode None Game No. 260 Rogue 260 Adventurer 0 Explorer 0 Win Type - Total 11 Types 5/0/3/1/0/0/0/1/0/1 Lore% 75 Gallery% 71 Achievement% 66 Wizard Run 0 Options --------- Layout 1 ASCII 0 Keyboard 1 Movement Numpad Keybinds 0 Fullscreen 1 Font 32/SmallcapsGlow Map View 77x35 Zoom Use 0% Tactical HUD 1 Map Filters NONE Filters NONE Steam 1 RUN: ecc8b9c9-f575-49be-bfb7-5040dff1b06b